 Dungeon Crawl Stone Soup version 0.29-a0-582-ge82337ba6a (webtiles) character file.

Game seed: 14215745500859059885

2 shadowstone the Skirmisher (level 1, -1/19 HPs)
             Began as a Hill Orc Cinder Acolyte on June 15, 2022.
             Was a High Priest of Ignis.
             Slain by a frilled lizard (3 damage)
             ... on level 1 of the Dungeon.
             The game lasted 00:00:44 (95 turns).

shadowstone the Skirmisher (Hill Orc Cinder Acolyte)  Turns: 95, Time: 00:00:45

Health: -1/19      AC:  2    Str: 16    XL:     1   Next: 40%
Magic:  2/2        EV: 11    Int: 14    God:    Ignis [*****.]
Gold:   12         SH:  0    Dex:  6    Spells: 2/2 levels left

rFire   + . .      SeeInvis .   a - -1 falchion (flame)
rCold   . . .      Faith    .   (no shield)
rNeg    . . .      Spirit   .   b - +0 robe
rPois   .          Reflect  .   (no helmet)
rElec   .          Harm     .   (no cloak)
rCorr   .          Rampage  .   (no gloves)
Will    .....                   (no boots)
Stlth   +.........              (no amulet)
HPRegen 0.06/turn               (no ring)
MPRegen 0.08/turn               (no ring)

@: no status effects
A: no striking features
a: Renounce Religion, Fiery Armour, Foxfire Swarm, Rising Flame


You were on level 1 of the Dungeon.
You worshipped Ignis.
Ignis was extremely pleased with you.
You visited 1 branch of the dungeon, and saw 1 of its levels.

You collected 12 gold pieces.

Inventory:

Hand Weapons
 a - a -1 falchion of flaming (weapon)
Armour
 b - a +0 robe (worn)
Scrolls
 c - a scroll of identify {unknown}
Potions
 d - a potion of flight {unknown}


   Skills:
 + Level 3.6 Fighting
 + Level 3.4 Long Blades
 + Level 1.0 Spellcasting
 + Level 3.4 Fire Magic


You had 2 spell levels left.
You didn't know any spells.
Your spell library contained the following spells:

 Spells                   Type           Power      Damage    Failure   Level
 Scorch                   Fire           20%        2d6       10%         2


Dungeon Overview and Level Annotations

Branches:
Dungeon (1/15)

Altars:


Message History

The endoplasm struggles against the net.
The hobgoblin struggles against the net.
The frilled lizard misses you.
You barely miss the hobgoblin.
The hobgoblin is almost dead.
The endoplasm struggles against the net.
The hobgoblin struggles against the net.
The frilled lizard bites you.
You hit the hobgoblin. You burn the hobgoblin.
You kill the hobgoblin!
The endoplasm struggles against the net.
The frilled lizard bites you. The jackal barely misses you.
You hit the jackal. You burn the jackal.
You kill the jackal!
The endoplasm struggles against the net.
The frilled lizard hisses.
The frilled lizard closely misses you.
The jackal bites you but does no damage.
You barely miss the jackal. The jackal bites you.
The jackal closely misses you.
A frilled lizard comes into view.
The endoplasm struggles against the net.
The net rips apart, and the endoplasm comes free!
The frilled lizard completely misses you.
The jackal barely misses you. The jackal closely misses you.
Nothing quivered!
You closely miss the jackal. The frilled lizard closely misses you.
The jackal bites you.
The jackal bites you but does no damage.
The frilled lizard completely misses you.
You barely miss the jackal. The jackal closely misses you.
The jackal bites you. The jackal misses you. The jackal bites you.
* * * LOW HITPOINT WARNING * * *
The frilled lizard bites you.
* * * LOW HITPOINT WARNING * * *
You barely miss the jackal. The jackal closely misses you.
The jackal bites you.
* * * LOW HITPOINT WARNING * * *
The frilled lizard bites you.
You die...

#####.# #.....# #.....#
#.....# +.....#
###########.....#
#.........'.....#
#######'########....####
$......@.# #...........
......lhh# #.####.#####
.......g.# # #.#..
......lJ.# #.#.#
.........# #.#.#
#......... ####.#.#
#......... #....#.#
#.......... #.####.###
#.........


You could see an endoplasm, 2 jackals, a goblin and 2 frilled lizards.

Vanquished Creatures
  A hobgoblin (D:1)
  A jackal (D:1)
2 creatures vanquished.

Notes
Turn   | Place    | Note
-------+----------+-------------------------------------------
     0 | D:1      | shadowstone the Hill Orc Cinder Acolyte began the quest for
                  | the Orb.
     0 | D:1      | Reached XP level 1. HP: 19/19 MP: 2/2
    95 | D:1      | Slain by a frilled lizard

Illustrated notes

Levels and vault maps discovered:
D:1:      minmay_arrival_plants_in_alcoves, layout_basic, columned_hall_lemuel

Action                   || total
-------------------------++-------
Melee: Falchion          ||     9
Throw: Throwing net      ||     2
Armor: Robe              ||     2
Dodge: Dodged            ||    14

Table legend: (Time is in decaauts)
 A = Elapsed time spent in this place.
 B = Non-inter-level travel time spent in this place.
 C = Inter-level travel time spent in this place.
 D = Time resting spent in this place.
 E = Time spent auto-exploring this place.
 F = Levels seen in this place.
 G = Mean time per level.
                   A        B        C        D        E       F      G
               +--------+--------+--------+--------+--------+-----+--------+
         Total |     96 |     96 |      0 |      0 |      0 |   1 |   96.0 |
       Dungeon |     96 |     96 |      0 |      0 |      0 |   1 |   96.0 |
               +--------+--------+--------+--------+--------+-----+--------+

Top non-repeatable levels by time:
     D:1: 96 daAuts
